 Dungeon Crawl Stone Soup version 0.24.0-13-gcf9b319 (webtiles) character file.

Game seed: 6320085823759772615, levelgen mode: deterministic

1344 prawnwizard the Firebug (level 8, -4/41 HPs)
             Began as a Deep Elf Fire Elementalist on Mar 2, 2020.
             Was a Follower of Sif Muna.
             Killed by divine providence
             ... invoked by an orc priest
              (12 damage)
             ... on level 7 of the Dungeon.
             The game lasted 00:16:52 (6167 turns).

prawnwizard the Firebug (DEFE)                      Turns: 6167, Time: 00:16:52

Health: -4/41      AC:  5    Str:  5    XL:     8   Next: 36%
Magic:  10/20      EV: 15    Int: 23    God:    Sif Muna [*.....]
Gold:   251        SH:  0    Dex: 15    Spells: 9/20 levels left

rFire    . . .     SeeInvis .   t - +3 short sword (venom)
rCold    . . .     Gourm    .   (no shield)
rNeg     . . .     Faith    .   a - +0 robe
rPois    .         Spirit   .   (no helmet)
rElec    .         Reflect  .   u - +2 cloak
rCorr    .         Harm     .   (no gloves)
MR       +....                  (no boots)
Stlth    ++........             (no amulet)
HPRegen  0.13/turn              p - ring of protection from magic
MPRegen  0.17/turn              (no ring)

@: no status effects
A: no striking features
a: Channel Magic, Renounce Religion


You were on level 7 of the Dungeon.
You worshipped Sif Muna.
Sif Muna was aware of your devotion.
You were not hungry.

You visited 2 branches of the dungeon, and saw 8 of its levels.

You collected 251 gold pieces.

Inventory:

Hand Weapons
 r - a +1 dagger of venom
 t - a +3 short sword of venom (weapon)
Armour
 a - a +0 robe (worn)
 u - a +2 cloak (worn)
Jewellery
 p - a ring of protection from magic (left hand)
Wands
 l - a wand of flame (23)
 w - a wand of iceblast (10)
 B - a wand of digging (4)
Scrolls
 g - a scroll of amnesia
 n - 3 scrolls of remove curse
 o - a scroll of teleportation
 q - a scroll of magic mapping
 x - a scroll of fear
 y - a scroll of immolation
Potions
 b - 4 potions of brilliance
 d - 2 potions of flight {unknown}
 e - 2 potions of heal wounds
 f - 2 potions of invisibility
 h - 2 potions of haste {unknown}
 i - 2 potions of magic {unknown}
 k - 2 potions of mutation
 m - a potion of curing {unknown}
 v - a potion of cancellation {unknown}
 z - a potion of might {unknown}
 E - 3 potions of agility
Comestibles
 c - 14 rations
 j - 4 chunks of flesh


   Skills:
 - Level 0.2 Fighting
 + Level 5.7 Dodging
 - Level 3.2 Stealth
 - Level 0.4 Unarmed Combat
 + Level 6.7 Spellcasting
 + Level 4.9 Conjurations
 * Level 7.7 Fire Magic


You had 9 spell levels left.
You knew the following spells:

 Your Spells              Type           Power        Failure   Level  Hunger
a - Flame Tongue          Conj/Fire      #####        1%          1    None
b - Throw Flame           Conj/Fire      #####.       1%          2    None
c - Conjure Flame         Conj/Fire      #####...     1%          3    None
d - Fireball              Conj/Fire      #####.....   17%         5    #####..

Your spell library contained the following spells:

 Spells                   Type           Power        Failure   Level  Hunger
 Inner Flame              Hex/Fire       ####....     4%          3    None
 Sticky Flame             Conj/Fire      #####...     6%          4    ###....
 Animate Skeleton         Necr           N/A          8%          1    None
 Pain                     Necr           #...         8%          1    None
 Regeneration             Chrm/Necr      #.........   24%         3    None
 Vampiric Draining        Necr           #.........   24%         3    None
 Animate Dead             Necr           N/A          61%         4    ###....


Dungeon Overview and Level Annotations

Branches:
Dungeon (7/15)             Temple (1/1) D:4

Altars:
Ashenzari
Cheibriados
Dithmenos
Elyvilon
Fedhas
Gozag
Hepliaklqana
Kikubaaqudgha
Makhleb
Nemelex Xobeh
Okawaru
Qazlal
Ru
Sif Muna
Trog
Uskayaw
Vehumet
Wu Jian
Xom
Yredelemnul
Zin
The Shining One

Shops:
D:4 [   D:6 =


Message History

The wyvern zombie closely misses you.
An orc comes into view.
Casting: Flame Tongue (safe; 1% risk of failure)
Confirm with . or Enter, or press ? or * to list all spells.
Aiming: Flame Tongue (safe; 1% risk of failure)
Press: ? - help, Shift-Dir - straight line, f/p - wyvern zombie
Aim: a wyvern zombie (heavily damaged)
The flame tongue hits the wyvern zombie!
The wyvern zombie is severely damaged.
The wyvern zombie closely misses you.
The worker ant zombie barely misses you.
An orc comes into view. It is wielding a +0 club.
An orc comes into view. It is wielding a +0 flail.
The wyvern zombie completely misses you.
The orc shouts!
The wyvern zombie bites you!
* * * LOW HITPOINT WARNING * * *
The orc priest invokes the aid of Beogh against you.
Beogh smites you!
You die...

############## #.....#......#
#.###.##.#.#.# ##'####.....#.#
. ......##<.#.#.#######....
.......####<#.#..#.. ...
........#...#...# .##.# +#
.###.÷..#.....#.##.#..##.#
##y##...#.###.#.@........#
.###....# #...#Z##...#
.......## #..........#
.._....##.###...#.#Z...#
)..).)###.........#oo..####[...
#)..### ####..÷.###....o.......
##### #..........o###.....
...........###.#..o....>..
....###....# #............


You could see an orc priest, 4 orcs, a wyvern zombie and a worker ant zombie.

Vanquished Creatures
  Sigmund (D:3)
  An ice beast (D:6)
  A centaur (D:6)
  3 ogres
  A bullfrog (D:6)
  2 howler monkeys
  A crimson imp (D:5)
  An orc priest (D:6)
  A hound (D:5)
  A quasit (D:5)
  6 orc wizards
  Crazy Yiuf (D:2)
  Jessica (D:2)
  Ijyb (D:3)
  A worker ant (D:6)
  A hound skeleton (D:7)
  Robin (D:1)
  A howler monkey zombie (D:6)
  3 gnolls (D:6)
  6 adders
  4 worms
  A dart slug (D:4)
  8 leopard geckos
  16 orcs
  6 giant cockroaches
  17 goblins
  8 hobgoblins
  2 jackals (D:6)
  3 ball pythons
  4 bats
  2 frilled lizards
  8 kobolds
  A leopard gecko skeleton (D:4)
  A leopard gecko zombie (D:5)
  8 rats
124 creatures vanquished.

Vanquished Creatures (others)
  A goblin (D:3)
1 creature vanquished.

Grand Total: 125 creatures vanquished

Notes
Turn   | Place    | Note
-------+----------+-------------------------------------------
     0 | D:1      | prawnwizard the Deep Elf Fire Elementalist began the quest
                  | for the Orb.
     0 | D:1      | Reached XP level 1. HP: 10/10 MP: 6/6
  1018 | D:1      | Reached XP level 2. HP: 15/15 MP: 6/8
  1116 | D:1      | Learned a level 2 spell: Throw Flame
  1261 | D:2      | Noticed Robin
  1343 | D:2      | Found a basalt altar of Yredelemnul.
  1361 | D:2      | Found a glowing golden altar of the Shining One.
  1367 | D:2      | Noticed a profane servitor
  1412 | D:2      | Reached XP level 3. HP: 19/19 MP: 4/9
  1484 | D:1      | Killed Robin
  1674 | D:2      | Noticed Jessica
  1677 | D:2      | Killed Jessica
  1677 | D:2      | Reached skill level 4 in Fire Magic
  1677 | D:2      | Reached XP level 4. HP: 24/24 MP: 0/11
  1987 | D:2      | Found a runed translucent door.
  1988 | D:2      | Noticed Crazy Yiuf
  2111 | D:2      | Noticed an angel
  2143 | D:2      | Killed Crazy Yiuf
  2197 | D:3      | Learned a level 3 spell: Conjure Flame
  2200 | D:3      | Reached XP level 5. HP: 24/28 MP: 5/13
  2535 | D:3      | Noticed Sigmund
  2716 | D:3      | Killed Sigmund
  2716 | D:3      | Reached skill level 5 in Fire Magic
  2716 | D:3      | Reached XP level 6. HP: 32/32 MP: 3/15
  2717 | D:3      | Noticed Ijyb
  2734 | D:3      | Killed Ijyb
  3331 | D:3      | Reached skill level 5 in Spellcasting
  3339 | D:3      | Learned a level 5 spell: Fireball
  3365 | D:4      | Found a glowing golden altar of the Shining One.
  3620 | D:4      | Found a shadowy altar of Dithmenos.
  3821 | D:4      | Found a staircase to the Ecumenical Temple.
  3856 | Temple   | Entered the Ecumenical Temple
  3947 | Temple   | Became a worshipper of Sif Muna the Loreminder
  4045 | D:4      | Found a white marble altar of Elyvilon.
  4049 | D:4      | Reached XP level 7. HP: 36/36 MP: 12/16
  4078 | D:4      | Reached skill level 6 in Fire Magic
  4153 | D:4      | Found Quzyoq's Armour Shoppe.
  4614 | D:5      | Entered Level 5 of the Dungeon
  4643 | D:5      | Found an iron altar of Okawaru.
  5244 | D:6      | Reached skill level 5 in Dodging
  5322 | D:6      | Reached skill level 7 in Fire Magic
  5322 | D:6      | Reached XP level 8. HP: 27/41 MP: 13/19
  5372 | D:6      | Found Wolit's Jewellery Emporium.
  6058 | D:7      | Noticed a moth of wrath
  6060 | D:7      | Found a bloodstained altar of Trog.
  6069 | D:7      | Reached * piety under Sif Muna
  6167 | D:7      | Killed from afar by an orc priest

Levels and vault maps discovered:
D:1:      dpeg_arrival_leaves_temple_mockup, layout_loops_ring,
          minmay_misc_feat_iff, grunt_decor_cap, grunt_decor_arrowhead
D:2:      layout_rooms, grunt_temple_overflow_holy_war, first_ration,
          uniq_jessica, uniq_crazy_yiuf_cottage, uniq_robin
D:3:      layout_rooms, uniq_sigmund, uniq_ijyb
D:4:      layout_loops_ring, nicolae_dithmenos_through_a_glass_darkly,
          elyvilon_altar_5, minmay_temple_entry_purple_smoke, serial_shops,
          nicolae_shop_behind_doors, hangedman_feature_mirror, lemuel_tele_altar
D:5:      layout_rooms, okawaru_gym_becter
D:6:      layout_basic, serial_shops, nicolae_shop_waterfront
D:7:      layout_basic, grunt_ogre_cave, tgw_trog
Temple:   regret_index_temple_mists

Skill      XL: |  1  2  3  4  5  6  7 |
---------------+----------------------+-----
Stealth        | 3 |  3.2
Dodging        | 3 4 5 |  5.7
Fire Magic     | 4 5 7 |  7.7
Spellcasting   | 4 5 6 |  6.7
Conjurations   | 2 3 4 |  4.9
Fighting       | |  0.2
Unarmed Combat | |  0.4

Action                   |  1- 3 |  4- 6 |  7- 9 || total
-------------------------+-------+-------+-------++-------
Melee: Unarmed           |    21 |       |       ||    21
       Dagger            |     3 |    15 |       ||    18
       Short sword       |       |    44 |    52 ||    96
 Cast: Flame Tongue      |    32 |    55 |   109 ||   196
       Throw Flame       |    15 |    13 |     3 ||    31
       Fireball          |       |       |     1 ||     1
  Use: Scroll            |       |       |    17 ||    17
 Stab: Sleeping          |       |     2 |       ||     2
  Eat: Chunk             |     2 |     7 |     5 ||    14
       Ration            |       |       |     1 ||     1
Armor: Robe              |    15 |    19 |    15 ||    49
Dodge: Dodged            |    45 |    55 |    66 ||   166
